cohdb
Replays
Latest Replays
All Replays
Popular Replays
Top Player Replays
Match Explorer
How It Works
Community
CoH3 Stats
Reddit
Sign in to upload your games and track your stats! →
Sign in with Steam
Match 28212368
Unlisted
Match 28212368
Overview
Messages
Build Orders
End
Kradschützen Motorcycle Team
Selects Italian Combined Arms Battlegroup
250 Light Carrier
Panzerpioneer Squad
Construct Light Support Kompanie
Selects Bersaglieri Squad
Combat Half-tracks
Advanced Field Repairs
Assault Grenadier Squad
Panzerjäger Mechanized Group
Construct Mechanized Kompanie
Selects Semovente da 75/18 Assault Gun
Selects Carro Armato M13/40 Light Tank
Panzerpioneer Squad
Carro Armato M13/40 Light Tank
Vehicle Survival Package
Selects Pact of Steel
Carro Armato M13/40 Light Tank
MähnGiL
^3
0
0
Comments
sign in to comment!
No comments posted yet!